 Dungeon Crawl Stone Soup version 0.24.0-13-gcf9b3192b9 (webtiles) character file.

Game seed: 11597953443224819335, levelgen mode: deterministic

1661 Ijustatesigmund the Ducker (level 9, -1/69 HPs)
             Began as a Gnoll Gladiator on Nov 8, 2019.
             Slain by Prince Ribbit (8 damage)
             ... on level 6 of the Dungeon.
             The game lasted 00:10:18 (4978 turns).

Ijustatesigmund the Ducker (Gnoll Gladiator)        Turns: 4978, Time: 00:10:18

Health: -1/69      AC: 13    Str: 17    XL:     9   Next: 0%
Magic:  14/14      EV: 16    Int: 14    God:
Gold:   246        SH:  0    Dex: 16    Spells: 15/15 levels left

rFire    . . .     SeeInvis .   m - +3 trident
rCold    . . .     Gourm    .   (no shield)
rNeg     . . .     Faith    .   b - +3 ring mail {rPois}
rPois    +         Spirit   .   c - +1 helmet
rElec    .         Reflect  .   (no cloak)
rCorr    .         Harm     .   o - +1 pair of gloves
MR       .....                  n - +2 pair of boots
Stlth    ++........             (no amulet)
HPRegen  0.21/turn              (no ring)
MPRegen  0.14/turn              (no ring)

@: no status effects
A: distributed training, fangs 1, deformed body, mutation resistance 1, strong
nose
a: no special abilities


You were on level 6 of the Dungeon.
You were not hungry.

You visited 1 branch of the dungeon, and saw 6 of its levels.
You also visited: Ossuary.

You collected 246 gold pieces.

Inventory:

Hand Weapons
 a - a +1 war axe
 m - a +3 trident (weapon)
Missiles
 d - a throwing net (quivered)
Armour
 b - a +3 ring mail of poison resistance (worn)
 c - a +1 helmet (worn)
 n - a +2 pair of boots (worn)
 o - a +1 pair of gloves (worn)
Jewellery
 g - an uncursed ring of fire {unknown}
 q - an uncursed ring of flight {unknown}
Scrolls
 e - a scroll of fog
 h - 5 scrolls of remove curse
 j - 5 scrolls of amnesia
 l - a scroll of enchant armour
Potions
 i - a potion of curing
 k - a potion of brilliance
Comestibles
 f - 6 rations
 s - 3 chunks of flesh


   Skills:
 + Level 5.9 Fighting
 + Level 3.7 Short Blades
 + Level 3.7 Long Blades
 + Level 7.6 Axes
 + Level 3.7 Maces & Flails
 + Level 3.7 Polearms
 + Level 3.7 Staves
 + Level 3.7 Slings
 + Level 3.7 Bows
 + Level 3.7 Crossbows
 + Level 5.9 Throwing
 + Level 3.7 Armour
 + Level 7.6 Dodging
 + Level 3.7 Stealth
 + Level 3.7 Shields
 + Level 3.7 Unarmed Combat
 + Level 3.7 Spellcasting
 + Level 3.0 Conjurations
 + Level 3.0 Hexes
 + Level 3.0 Charms
 + Level 3.0 Summonings
 + Level 3.0 Necromancy
 + Level 3.0 Translocations
 + Level 3.0 Transmutations
 + Level 3.0 Fire Magic
 + Level 3.0 Ice Magic
 + Level 3.0 Air Magic
 + Level 3.0 Earth Magic
 + Level 3.0 Poison Magic
 + Level 4.0 Invocations
 + Level 3.7 Evocations


You had 15 spell levels left.
You didn't know any spells.
Your spell library was empty.

Dungeon Overview and Level Annotations

Branches:
Dungeon (6/15)             Temple (0/1) D:4         Ossuary (visited)

Altars:
Ru

Shops:
D:5 [

Annotations:
D:6 Prince Ribbit


Innate Abilities, Weirdness & Mutations

Your experience applies equally to all skills.
You have very sharp teeth.
Your uncanny sense of smell can sniff out nearby items.
Armour fits poorly on your strangely shaped body.
You are somewhat resistant to further mutation.


Message History

Prince Ribbit is lightly wounded.
Prince Ribbit blinks!
The sky beast closely misses you.
Prince Ribbit croaks regally.
You puncture the sky beast!
The sky beast is moderately wounded.
The sky beast closely misses you.
As you read the scroll labeled FAL EGAASUU, it crumbles to dust.
You hear a loud clanging noise!
It was a scroll of noise.
Prince Ribbit hits you!
* * * LOW HITPOINT WARNING * * *
The sky beast hits you but does no damage.
Prince Ribbit completely misses you.
You hit Prince Ribbit.
Prince Ribbit is moderately wounded.
The sky beast closely misses you. Prince Ribbit closely misses you.
You miss Prince Ribbit.
Prince Ribbit is moderately wounded.
Prince Ribbit misses you. The sky beast completely misses you.
Prince Ribbit hits you!
You die...

#.##############.......#
##.#######.........#'######
#..............).........(.
#..#######.#######.........
#..# ###.#.....###.######
#..#####...'.....' #.#
#.....##.#.#.....# #..
#.÷##.##.#.......# #... ∆
#>÷..((...@)...... .....
####.#.....YF.....## #....
#.......#........##
#................#
#..................∆
#........#.##...####
#........#.# ...#
#........#.. ...#
#........#


You could see Prince Ribbit and a sky beast.

Vanquished Creatures
  Edmund (D:4)
  A sky beast (D:6)
  3 phantoms
  2 ogres
  A centaur (D:6)
  A water moccasin zombie (Ossuary)
  3 scorpions
  A hound (D:5)
  A centaur zombie (Ossuary)
  A centaur skeleton (D:6)
  5 orc wizards
  2 orc priests
  3 worker ants
  A killer bee zombie (D:5)
  5 mummies
  A worker ant zombie (Ossuary)
  3 gnolls (D:5)
  9 adders
  3 oozes
  3 worms
  2 dart slugs (D:1)
  3 leopard geckos
  21 orcs
  6 giant cockroaches
  5 goblins
  7 hobgoblins
  7 jackals
  7 kobolds
  2 quokkas
  8 bats
  7 frilled lizards
  A quokka zombie (D:5)
  5 rats
131 creatures vanquished.

Notes
Turn   | Place    | Note
-------+----------+-------------------------------------------
     0 | D:1      | Ijustatesigmund the Gnoll Gladiator began the quest for the
                  | Orb.
     0 | D:1      | Reached XP level 1. HP: 20/20 MP: 1/1
   125 | D:1      | Reached XP level 2. HP: 22/26 MP: 2/2
   298 | D:1      | Reached XP level 3. HP: 28/31 MP: 3/3
   546 | D:2      | Reached skill level 1 in Invocations
   557 | D:2      | Reached skill level 1 in Short Blades
   557 | D:2      | Reached skill level 1 in Long Blades
   557 | D:2      | Reached skill level 1 in Maces & Flails
   557 | D:2      | Reached skill level 1 in Polearms
   557 | D:2      | Reached skill level 1 in Staves
   557 | D:2      | Reached skill level 1 in Slings
   557 | D:2      | Reached skill level 1 in Bows
   557 | D:2      | Reached skill level 1 in Crossbows
   557 | D:2      | Reached skill level 1 in Armour
   557 | D:2      | Reached skill level 1 in Stealth
   557 | D:2      | Reached skill level 1 in Shields
   557 | D:2      | Reached skill level 1 in Unarmed Combat
   557 | D:2      | Reached skill level 1 in Spellcasting
   557 | D:2      | Reached skill level 1 in Evocations
   597 | D:2      | Reached XP level 4. HP: 35/38 MP: 5/5
  1001 | D:2      | Found a sacrificial altar of Ru.
  1336 | D:3      | Reached skill level 1 in Conjurations
  1336 | D:3      | Reached skill level 1 in Hexes
  1336 | D:3      | Reached skill level 1 in Charms
  1336 | D:3      | Reached skill level 1 in Summonings
  1336 | D:3      | Reached skill level 1 in Necromancy
  1336 | D:3      | Reached skill level 1 in Translocations
  1336 | D:3      | Reached skill level 1 in Transmutations
  1336 | D:3      | Reached skill level 1 in Fire Magic
  1336 | D:3      | Reached skill level 1 in Ice Magic
  1336 | D:3      | Reached skill level 1 in Air Magic
  1336 | D:3      | Reached skill level 1 in Earth Magic
  1336 | D:3      | Reached skill level 1 in Poison Magic
  1339 | D:3      | Reached XP level 5. HP: 20/43 MP: 6/6
  2166 | D:3      | Noticed a phantom
  2214 | D:3      | Killed a phantom
  2214 | D:3      | Reached XP level 6. HP: 35/50 MP: 8/8
  2480 | D:4      | Reached skill level 5 in Fighting
  2480 | D:4      | Reached skill level 5 in Throwing
  2578 | D:4      | Reached XP level 7. HP: 28/56 MP: 10/10
  2646 | D:4      | Noticed Edmund
  2680 | D:4      | Killed Edmund
  2840 | D:4      | Found a sand-covered staircase.
  2852 | Ossuary  | Entered an ossuary
  2892 | Ossuary  | Reached XP level 8. HP: 20/63 MP: 12/12
  3472 | D:4      | Found a staircase to the Ecumenical Temple.
  3649 | D:5      | Entered Level 5 of the Dungeon
  3894 | D:5      | Found Juithiegg's Armour Emporium.
  4961 | D:6      | Noticed Prince Ribbit
  4967 | D:6      | Reached XP level 9. HP: 34/69 MP: 14/14
  4970 | D:6      | Gained mutation: Armour fits poorly on your strangely
                  | shaped body. [potion of mutation]
  4970 | D:6      | Gained mutation: You are somewhat resistant to further
                  | mutation. [potion of mutation]
  4978 | D:6      | Slain by Prince Ribbit

Levels and vault maps discovered:
D:1:      matt_arrival_diagonals, layout_rooms, st_stairs_1, chequers_garden,
          minivault_24, glass_columns_b
D:2:      layout_loops_ring, lemuel_crystal_altar
D:3:      layout_loops_corners
D:4:      layout_basic, minmay_temple_entry_enclosed_plants,
          gup_ossuary_entry_pyramid, first_ration, uniq_edmund
D:5:      layout_loops_ring, serial_shops, shop
D:6:      layout_basic, minmay_misc_feat_five, chequers_serial_rivers_micro_c,
          kennysheep_generic_room_14, uniq_prince_ribbit1

Skill      XL: |  1  2  3  4  5  6  7  8 |
---------------+-------------------------+-----
Invocations    | 1 2 3 4 |  4.0
Short Blades   | 1 2 3 |  3.7
Long Blades    | 1 2 3 |  3.7
Maces & Flails | 1 2 3 |  3.7
Polearms       | 1 2 3 |  3.7
Staves         | 1 2 3 |  3.7
Slings         | 1 2 3 |  3.7
Bows           | 1 2 3 |  3.7
Crossbows      | 1 2 3 |  3.7
Armour         | 1 2 3 |  3.7
Stealth        | 1 2 3 |  3.7
Shields        | 1 2 3 |  3.7
Unarmed Combat | 1 2 3 |  3.7
Spellcasting   | 1 2 3 |  3.7
Evocations     | 1 2 3 |  3.7
Conjurations   | 1 2 3 |  3.0
Hexes          | 1 2 3 |  3.0
Charms         | 1 2 3 |  3.0
Summonings     | 1 2 3 |  3.0
Necromancy     | 1 2 3 |  3.0
Translocations | 1 2 3 |  3.0
Transmutations | 1 2 3 |  3.0
Fire Magic     | 1 2 3 |  3.0
Ice Magic      | 1 2 3 |  3.0
Air Magic      | 1 2 3 |  3.0
Earth Magic    | 1 2 3 |  3.0
Poison Magic   | 1 2 3 |  3.0
Fighting       | 5 |  5.9
Throwing       | 5 |  5.9
Axes           | 7 |  7.6
Dodging        | 7 |  7.6

Action                   |  1- 3 |  4- 6 |  7- 9 || total
-------------------------+-------+-------+-------++-------
Melee: War axe           |    68 |   183 |   166 ||   417
       Bite              |     9 |    22 |    41 ||    72
       Trident           |       |       |   151 ||   151
       Punch             |       |       |     6 ||     6
Throw: Throwing net      |       |     2 |     6 ||     8
  Use: Scroll            |       |     9 |     5 ||    14
       Potion            |       |     2 |     8 ||    10
 Stab: Sleeping          |     2 |     2 |     3 ||     7
       Invisible         |       |       |     3 ||     3
  Eat: Chunk             |       |     6 |     5 ||    11
       Ration            |       |       |     1 ||     1
Armor: Leather armour    |    15 |     4 |       ||    19
       Chain mail        |       |    68 |    13 ||    81
       Skin              |       |       |    28 ||    28
       Ring mail         |       |       |    92 ||    92
Dodge: Dodged            |    59 |   111 |   231 ||   401
